AoeStats
← alexh30

Arabia

509406550Analyzed
1v1 RM · 6d ago on Sep 26, 2026· 50m 44s· 2 players
Game mode
Random Map
Map size
Tiny (2 player)
Population
200
Speed
Normal
Resources
Standard
Victory
Conquest
Starting age
Dark Age
Ending age
Imperial Age
RankedLock teamsTeams togetherTeam positionsShared explorationLock speedFull tech treeHidden civsTurbo modeCheats
Victory
Defeat
🇲🇽 Tatars · Mexico
1015
+17
🇺🇸 Vikings · United States
1027
-17
Kenichimar
4:11 Loom
10:05 Feudal Age
11:54 Double-Bit Axe
18:28 Castle Age
18:40 Crossbowman
20:11 Squires
20:06 Fletching
21:43 Bow Saw
24:50 Gold Mining
24:51 Stone Mining
24:44 Horse Collar
25:31 Padded Archer Armor
26:44 Elite Skirmisher
30:37 Gold Shaft Mining
33:17 Heavy Plow
34:08 Town Watch
35:10 Wheelbarrow
39:56 Imperial Age
37:43 Bloodlines
39:22 Scale Barding Armor
40:02 Light Cavalry
44:21 Hussar
46:29 Leather Archer Armor
46:27 Bodkin Arrow
47:04 Ballistics
46:54 Husbandry
47:40 Conscription
49:22 Forging
49:55 Timurid Siegecraft
alexh30
7:51 Loom
11:14 Feudal Age
13:09 Horse Collar
13:16 Double-Bit Axe
20:05 Castle Age
18:23 Gold Mining
18:45 Stone Mining
20:00 Fletching
20:11 Padded Archer Armor
20:43 Elite Skirmisher
23:27 Bodkin Arrow
23:48 Leather Archer Armor
24:51 Town Watch
26:14 Gold Shaft Mining
26:29 Town Patrol
29:00 Ballistics
30:10 Heavy Plow
34:21 Imperial Age
34:26 Forging
35:28 Conscription
38:23 Chemistry
37:33 Masonry
37:39 Chieftains
37:14 Onager
40:11 Chieftains
41:19 Hoardings
40:08 Elite Berserk
47:04 Hoardings
46:01 Pikeman
Connection lost

Rejoining the realm…

Still unreachable

The connection could not be restored.

Session expired

The server has moved on; the page needs a fresh start.